 Dungeon Crawl Stone Soup version 0.29.1-4-g47bece8355 (webtiles) character file.

Game seed: 9393191198418117525

81 boopmooplesden the Covered (level 4, -3/40 HPs)
             Began as a Minotaur Fighter on Dec 8, 2022.
             Slain by an orc priest
             ... wielding a +0 war axe
              (9 damage)
             ... on level 3 of the Dungeon.
             The game lasted 00:02:49 (2344 turns).

boopmooplesden the Covered (Minotaur Fighter)       Turns: 2344, Time: 00:02:50

Health: -3/40      AC:  7    Str: 23    XL:     4   Next: 20%
Magic:  3/3        EV:  9    Int:  5    God:
Gold:   145        SH:  4    Dex:  9    Spells: 3/3 levels left

rFire   . . .      SeeInvis .   f - +0 short sword
rCold   . . .      Faith    .   b - +0 buckler
rNeg    . . .      Spirit   .   a - +0 scale mail
rPois   .          Reflect  .   (helmet restricted)
rElec   .          Harm     .   (no cloak)
rCorr   .          Rampage  .   (no gloves)
Will    .....                   (no boots)
Stlth   ..........              (no amulet)
HPRegen 0.13/turn               (no ring)
MPRegen 0.08/turn               (no ring)

@: no status effects
A: horns 2, retaliatory headbutt
a: no special abilities


You were on level 3 of the Dungeon.
You visited 1 branch of the dungeon, and saw 3 of its levels.

You collected 145 gold pieces.

Inventory:

Hand Weapons
 f - a +0 short sword (weapon)
Missiles
 i - 23 stones (quivered)
Armour
 a - a +0 scale mail (worn)
 b - a +0 buckler (worn)
Jewellery
 l - a ring of magical power
Wands
 j - a wand of mindburst (19)
Scrolls
 d - a scroll of poison {unknown}
 h - 2 scrolls of identify {unknown}
 m - a scroll of teleportation {unknown}
Potions
 c - a potion of might
 e - 2 potions of lignification {unknown}
 g - a potion of cancellation {unknown}
 k - 2 potions of heal wounds {unknown}
 n - a potion of mutation {unknown}


   Skills:
 + Level 4.0 Fighting
 + Level 1.7 Short Blades
 + Level 4.4 Armour
 + Level 1.2 Dodging
 + Level 4.2 Shields
 + Level 2.4 Unarmed Combat


You had 3 spell levels left.
You didn't know any spells.
Your spell library contained the following spells:

 Spells                   Type           Power      Damage    Failure   Level
 Petrify                  Tmut/Erth      0%         N/A       100%        4
 Metabolic Englaciation   Hex/Ice        0%         N/A       100%        5
 Statue Form              Tmut/Erth      0%         N/A       100%        6


Dungeon Overview and Level Annotations

Branches:
Dungeon (3/15)

Altars:
Dithmenos


Innate Abilities, Weirdness & Mutations

You have a pair of horns on your head.
You reflexively headbutt those who attack you in melee.


Message History

You block the orc priest's attack. The gnoll barely misses you.
You hit the orc priest.
The orc priest is severely wounded.
The gnoll closely misses you.
The orc priest hits you with a +0 war axe.
You closely miss the orc priest.
The orc priest is severely wounded.
The gnoll barely misses you. You block the orc priest's attack.
You hit the orc priest but do no damage.
Your headbutt misses the orc priest.
The orc priest is severely wounded.
The orc priest invokes the aid of Beogh against you.
You barely resist. The gnoll hits you but does no damage.
You hit the orc priest but do no damage.
The orc priest is severely wounded.
The gnoll hits you from afar with a +0 spear.
The orc priest hits you with a +0 war axe.
You hit the orc priest but do no damage.
The orc priest is severely wounded.
The orc priest hits you with a +0 war axe.
The gnoll hits you from afar with a +0 spear.
You hit the orc priest but do no damage.
You headbutt the orc priest.
The orc priest is almost dead.
You block the orc priest's attack.
The gnoll hits you from afar with a +0 spear.
You hit the orc priest. Your headbutt misses the orc priest.
The orc priest is almost dead.
The gnoll hits you but does no damage.
The orc priest hits you with a +0 war axe.
You hit the orc priest but do no damage.
The orc priest is almost dead.
The gnoll closely misses you.
The orc priest hits you with a +0 war axe!
* * * LOW HITPOINT WARNING * * *
You hit the orc priest but do no damage.
Your headbutt misses the orc priest.
The orc priest is almost dead.
The orc priest hits you with a +0 war axe!
You die...

###........
#........#.
###....#...._
#.'....##.###
#.#....# ...
#.#...#######g
#+##..+g....g.
##..# ##@# #o#
#.# ... ...
#...# ##.##
''#


You could see an orc priest and a gnoll.

Vanquished Creatures
  Robin (D:2)
  An adder (D:2)
  A dart slug (D:1)
  3 orcs (D:3)
  3 endoplasms
  A giant cockroach (D:2)
  9 goblins
  8 hobgoblins
  7 kobolds
  2 quokkas
  8 ball pythons
  5 bats
  4 frilled lizards
  A rat (D:2)
54 creatures vanquished.

Notes
Turn   | Place    | Note
-------+----------+-------------------------------------------
     0 | D:1      | boopmooplesden the Minotaur Fighter began the quest for the
                  | Orb.
     0 | D:1      | Reached XP level 1. HP: 19/19 MP: 0/0
   140 | D:1      | Reached XP level 2. HP: 8/27 MP: 1/1
   541 | D:1      | You fall into a shaft and drop 1 floor!
   708 | D:2      | Reached XP level 3. HP: 33/33 MP: 2/2
   819 | D:2      | Reached skill level 1 in Dodging
  1065 | D:2      | Noticed Robin
  1082 | D:2      | Reached skill level 1 in Short Blades
  1106 | D:2      | Killed Robin
  1367 | D:2      | Reached XP level 4. HP: 35/40 MP: 3/3
  2293 | D:3      | Found a shadowy altar of Dithmenos.
  2319 | D:3      | Found a faded altar of an unknown god.
  2344 | D:3      | Slain by an orc priest

Illustrated notes

Levels and vault maps discovered:
D:1:      eino_arrival_druids_welcome, layout_basic, minmay_tromino_i4
D:2:      layout_loops_ring, uniq_robin
D:3:      layout_basic, nicolae_dithmenos_through_a_glass_darkly,
          basic_ecumenical_altar, nicolae_hexahallways, st_stairs_13

Skill      XL: |  1  2  3 |
---------------+----------+-----
Shields        | 4 |  4.2
Armour         | 4 |  4.4
Dodging        | 1 |  1.2
Short Blades   | 1 |  1.7
Fighting       | 4 |  4.0
Unarmed Combat | |  2.4

Action                   |  1- 3 |  4- 6 || total
-------------------------+-------+-------++-------
Melee: Dagger            |    38 |       ||    38
       Unarmed           |     4 |       ||     4
       Headbutt          |    22 |     7 ||    29
       Short sword       |   108 |    54 ||   162
Armor: Scale mail        |    75 |    21 ||    96
Dodge: Dodged            |    86 |    15 ||   101
Block: Buckler           |    45 |    19 ||    64
